 Dungeon Crawl Stone Soup version 0.29-a0-664-gff9cad4a3d (webtiles) character file.

Game seed: 16496153607744336846

13891 avis the Archer (level 11, -2/99 HPs)
             Began as a Demigod Ice Elementalist on June 21, 2022.
             Slain by a boulder beetle (22 damage)
             ... on level 3 of the Lair of Beasts on June 23, 2022.
             The game lasted 01:48:09 (13608 turns).

avis the Archer (Demigod Ice Elementalist)         Turns: 13608, Time: 01:48:10

Health: -2/99      AC: 21    Str:  9    XL:     11   Next: 52%
Magic:  20/20      EV: 13    Int: 23    God:
Gold:   454        SH:  5    Dex: 26    Spells: 10/18 levels left

rFire   . . .      SeeInvis .   a - +10 falchion of Mana {venom, rN+}
rCold   . . .      Faith    .   (no shield)
rNeg    + . .      Spirit   .   A - +3 leather armour of Uskayaw's Envy {Regen+ rCorr}
rPois   .          Reflect  +   z - +0 helmet
rElec   .          Harm     .   e - +2 cloak {rCorr}
rCorr   +          Rampage  .   (no gloves)
Will    +....                   (no boots)
Stlth   +++.......              F - amulet of reflection
HPRegen 1.06/turn               h - +4 ring of protection
MPRegen 0.17/turn               y - +6 ring of intelligence

@: ice-armoured
A: high MP 1, forlorn, divine attributes
a: no special abilities


You were on level 3 of the Lair of Beasts.
You visited 3 branches of the dungeon, and saw 13 of its levels.

You collected 668 gold pieces.
You spent 214 gold pieces at shops.

Inventory:

Hand Weapons
 a - the +10 falchion of Mana (weapon) {venom, rN+}
   (You found it on level 7 of the Dungeon)

   It poisons the flesh of those it strikes.
   rN:        It protects you from negative energy.
 b - a +0 shortbow
Missiles
 g - 13 boomerangs
 i - 2 curare-tipped darts
 t - 6 poisoned darts
 L - 2 silver javelins
Armour
 e - a +2 cloak of preservation (worn)
 z - a +0 helmet (worn)
 A - the +3 leather armour of Uskayaw's Envy (worn) {Regen+ rCorr}
   (You found it on level 4 of the Dungeon)

   Regen:     It increases your rate of health regeneration.
   rCorr:     It protects you from acid and corrosion.
Magical Staves
 w - a staff of cold
Jewellery
 h - a +4 ring of protection (left hand)
 y - a +6 ring of intelligence (right hand)
 F - an amulet of reflection (around neck)
Wands
 r - a wand of iceblast (10)
 x - a wand of mindburst (10)
Scrolls
 c - a scroll of blinking {unknown}
 d - a scroll of enchant weapon {unknown}
 k - 6 scrolls of teleportation
 D - 2 scrolls of fog {unknown}
Potions
 j - 2 potions of flight
 l - 2 potions of magic
 n - 3 potions of cancellation
 o - 3 potions of haste
 p - 3 potions of curing


   Skills:
 - Level 10.0 Fighting
 - Level 6.0 Long Blades
 - Level 10.0 Bows
 - Level 3.0 Armour
 * Level 2.2 Dodging
 - Level 3.0 Stealth
 - Level 4.0 Spellcasting
 - Level 3.0 Transmutations
 - Level 7.0 Ice Magic


You had 10 spell levels left.
You knew the following spells:

 Your Spells              Type           Power      Damage    Failure   Level
a - Freeze                Ice            100%       1d11      1%          1
b - Blink                 Tloc           8%         N/A       22%         2
e - Wereblood             Tmut           18%        N/A       6%          2
o - Ozocubu's Armour      Ice            36%        N/A       2%          3

Your spell library contained the following spells:

 Spells                   Type           Power      Damage    Failure   Level
 Frozen Ramparts          Ice            72%        1d9       2%          3
 Beastly Appendage        Tmut           36%        N/A       4%          1
 Poisonous Vapours        Pois/Air       8%         N/A       22%         2
 Spider Form              Tmut/Pois      11%        N/A       22%         3
 Hailstorm                Conj/Ice       20%        3d6       32%         4
 Lesser Beckoning         Tloc           4%         N/A       38%         3
 Tukima's Dance           Hex            4%         N/A       38%         3
 Corpse Rot               Necr/Pois/Air  4%         N/A       80%         4
 Passage of Golubria      Tloc           4%         N/A       80%         4
 Yara's Violent Unravell  Hex/Tmut       5%         3d4       91%         5
 Manifold Assault         Tloc           4%         N/A       98%         5


Dungeon Overview and Level Annotations

Branches:
Dungeon (9/15)             Temple (1/1) D:6            Lair (2/6) D:9
  Swamp: Lair:2-4    Shoals: Lair:2-4     Snake: Lair:2-4    Spider: Lair:2-4
    Orc: D:9-12

Shops:
D:2 (   D:6 [   D:8 [


Innate Abilities, Weirdness & Mutations

You have an increased reservoir of magic. (+10% MP)
You shall have no god before yourself.
Your divine heritage dramatically boosts your attributes as you level up.


Message History

Aim: a boulder beetle (heavily wounded, extremely poisoned, 92% to hit)
You shoot an arrow.
The arrow hits the boulder beetle but does no damage.
The boulder beetle is heavily wounded.
Shoot: b) +0 shortbow
Press: ? - help, Q - select action, (/) - cycle Shift-Dir - straight line, f/p - boulder beetle
Aim: a boulder beetle (severely wounded, extremely poisoned, 92% to hit)
You shoot an arrow.
The arrow hits the boulder beetle but does no damage.
The boulder beetle is severely wounded.
The boulder beetle leaps!
Shoot: b) +0 shortbow
Press: ? - help, Q - select action, (/) - cycle Shift-Dir - straight line, f/p - boulder beetle
Aim: a boulder beetle (severely wounded, extremely poisoned, 92% to hit)
You shoot an arrow.
The arrow hits the boulder beetle but does no damage.
The boulder beetle is severely wounded.
Shoot: b) +0 shortbow
Press: ? - help, Q - select action, (/) - cycle Shift-Dir - straight line, f/p - boulder beetle
Aim: a boulder beetle (almost dead, very poisoned, 92% to hit)
You shoot an arrow.
The arrow hits the boulder beetle but does no damage.
The boulder beetle is almost dead.
Shoot: b) +0 shortbow
Press: ? - help, Q - select action, (/) - cycle Shift-Dir - straight line, f/p - boulder beetle
Aim: a boulder beetle (almost dead, very poisoned, 92% to hit)
You shoot an arrow.
The arrow hits the boulder beetle but does no damage.
The boulder beetle is almost dead.
Shoot: b) +0 shortbow
Press: ? - help, Q - select action, (/) - cycle Shift-Dir - straight line, f/p - boulder beetle
Aim: a boulder beetle (almost dead, very poisoned, 92% to hit)
You shoot an arrow. The arrow hits the boulder beetle.
The boulder beetle is almost dead.
The boulder beetle bites you!!
* * * LOW HITPOINT WARNING * * *
The +10 falchion of Mana {venom, rN+} begins to drip with poison!
a - the +10 falchion of Mana (weapon)
{venom, rN+} The boulder beetle bites you!!
You die...

##### #.....
###......
#.......#
#......#
#†.....# #@.#
#....B.#
#......P.#
............
###.....###.#
#P.#### ##
###


You could see a boulder beetle (very poisoned).

Vanquished Creatures
  2 black mambas
  6 cane toads
  A rime drake (Lair:1)
  2 komodo dragons (Lair:1)
  2 hornets
  4 blink frogs (Lair:1)
  A wyvern (Lair:1)
  26 yaks
  A wraith (D:9)
  Eustachio (D:4)
  2 acid dragons
  6 water moccasins
  2 sky beasts
  2 ice beasts (D:7)
  A black bear (D:5)
  3 orc warriors
  2 ogres
  3 phantoms
  5 centaurs
  2 kobold brigands (D:9)
  5 bullfrogs
  A gnoll sergeant (D:6)
  3 scorpions
  17 wights
  10 killer bees (D:7)
  A jelly (D:5)
  2 quasits (D:8)
  2 gnoll shamans
  3 hounds
  4 orc priests
  7 iguanas
  7 orc wizards
  11 gnolls
  7 adders
  4 shadow imps (D:8)
  2 white imps (D:8)
  5 ufetubi
  4 worms
  A dart slug (D:3)
  41 orcs
  6 bats
  7 endoplasms
  2 giant cockroaches
  7 goblins
  12 hobgoblins
  4 jackals (D:3)
  19 kobolds
  8 quokkas
  5 ball pythons
  6 frilled lizards
  7 rats
294 creatures vanquished.

Vanquished Creatures (others)
  3 demonic plants (D:8)
  7 fungi
  4 plants (Lair:1)
14 creatures vanquished.

Grand Total: 308 creatures vanquished

Notes
Turn   | Place    | Note
-------+----------+-------------------------------------------
     0 | D:1      | avis the Demigod Ice Elementalist began the quest for the
                  | Orb.
     0 | D:1      | Reached XP level 1. HP: 14/14 MP: 5/5
   377 | D:1      | Reached XP level 2. HP: 22/22 MP: 7/7
   411 | D:1      | Reached skill level 1 in Fighting
  1152 | D:2      | Reached XP level 3. HP: 17/29 MP: 4/8
  1403 | D:2      | Found Nitau's Weapon Boutique.
  1471 | D:2      | Learned a level 3 spell: Ozocubu's Armour
  1474 | D:2      | Learned a level 2 spell: Wereblood
  2517 | D:3      | Reached XP level 4. HP: 30/36 MP: 5/9
  3459 | D:3      | Identified the +0 scale mail of Fun and Games {rC+}
  3697 | D:4      | Reached skill level 5 in Ice Magic
  3702 | D:4      | Identified the +3 leather armour of Uskayaw's Envy {Regen+
                  | rCorr}
  4012 | D:4      | Noticed Eustachio
  4065 | D:4      | Killed Eustachio
  4066 | D:4      | Reached XP level 5. HP: 45/45 MP: 6/12
  4259 | D:4      | Noticed an acid dragon
  4273 | D:4      | Killed an acid dragon
  4274 | D:4      | Reached XP level 6. HP: 32/52 MP: 9/13
  4433 | D:4      | Upgraded the game from 0.29-a0-653-gd47aff6735 to
                  | 0.29-a0-664-gff9cad4a3d
  4445 | D:5      | Entered Level 5 of the Dungeon
  4566 | D:5      | Noticed a water moccasin
  4574 | D:5      | Killed a water moccasin
  4636 | D:5      | Reached XP level 7. HP: 60/60 MP: 7/14
  4744 | D:5      | Reached skill level 5 in Fighting
  5692 | D:5      | Reached XP level 8. HP: 41/70 MP: 11/17
  6679 | D:6      | Reached skill level 1 in Transmutations
  6822 | D:6      | Found Nuqaz's Armour Shoppe.
  7229 | D:6      | Found a staircase to the Ecumenical Temple.
  7237 | Temple   | Entered the Ecumenical Temple
  7335 | D:6      | Bought a +1 cloak of preservation for 214 gold pieces
  7590 | D:7      | Reached XP level 9. HP: 81/81 MP: 11/18
  7728 | D:7      | Paralysed by a hornet for 1 turns
  7733 | D:7      | Reached skill level 1 in Armour
  8216 | D:7      | Identified the +10 falchion of Mana {venom, rN+}
  9726 | D:8      | Reached skill level 5 in Long Blades
  9728 | D:8      | HP: 2/83 [yak (12)]
  9740 | D:8      | Reached XP level 10. HP: 26/91 MP: 19/19
  9747 | D:8      | Reached skill level 1 in Bows
 10500 | D:8      | Found Cheibriados's Comfort Zone.
 11022 | D:9      | Reached skill level 5 in Bows
 11255 | D:9      | Found a staircase to the Lair.
 11851 | Lair:1   | Entered Level 1 of the Lair of Beasts
 11905 | Lair:1   | Learned a level 2 spell: Blink
 12074 | Lair:1   | Reached XP level 11. HP: 27/97 MP: 20/20
 12883 | Lair:1   | Reached skill level 10 in Bows
 13467 | Lair:2   | Reached skill level 10 in Fighting
 13535 | Lair:2   | You fall into a shaft and drop 1 floor!
 13535 | Lair:3   | Noticed a catoblepas
 13576 | Lair:3   | Noticed a boulder beetle
 13608 | Lair:3   | Slain by a boulder beetle

Illustrated notes

Levels and vault maps discovered:
D:1:      ebering_trefoil_twist, layout_loops_ring
D:2:      layout_basic, basic_altar, serial_shops, nicolae_shop_stone,
          minmay_tetromino_s4
D:3:      layout_loops_corners, hellmonk_ecumenical_altar_dog_temple
D:4:      layout_rooms, nicolae_tso_swordbearing_angel, uniq_eustachio
D:5:      layout_gridville, mainiacjoe_overflow_two_lobes,
          mainiacjoe_overflow_boulevard
D:6:      layout_loops_cross, nicolae_ru_path_of_blood,
          minmay_temple_entry_proselytizer, serial_shops, kennysheep_mini
D:7:      layout_loops_ring, mainiacjoe_overflow_swirl
D:8:      layout_layer_cave, serial_demonic, serial_demonic_d, serial_demonic_g,
          serial_demonic_e, serial_demonic_a, serial_demonic_b,
          serial_demonic_f, serial_demonic_d, minmay_shop_chei,
          nicolae_figureground_sparkle
D:9:      layout_basic, grunt_temple_overflow_opulence, dpeg_oklobed_lair
Temple:   minmay_freezing_vapour_temple
Lair:1:   layout_regular_city, lemuel_fruit_tree, grunt_megastairs_4
Lair:2:   layout_chaotic_city, nicolae_spider_entry_tight_spaces
Lair:3:   layout_misc_corridors, elwin_shoals_entry_rocks, lemuel_fruit_fields,
          grunt_megastairs_1

Skill      XL: |  1  2  3  4  5  6  7  8  9 10 11 |
---------------+----------------------------------+-----
Ice Magic      | 4 5 6 7 |  7.0
Fighting       | 1 2 3 4 6 8 9 10 | 10.0
Spellcasting   | 2 3 4 |  4.0
Stealth        | 2 3 |  3.0
Transmutations | 2 3 |  3.0
Dodging        | 2 |  2.2
Long Blades    | 5 6 |  6.0
Armour         | 2 3 |  3.0
Bows           | 8 10 | 10.0

Action                   |  1- 3 |  4- 6 |  7- 9 | 10-12 || total
-------------------------+-------+-------+-------+-------++-------
Melee: Dagger            |     1 |    38 |   156 |       ||   195
       Short sword       |     2 |       |       |       ||     2
       Scimitar          |       |       |    23 |       ||    23
       Punch             |       |       |     4 |     2 ||     6
       Falchion          |       |       |    67 |   275 ||   342
 Fire: Hunting sling     |    59 |    80 |   145 |       ||   284
       Shortbow          |       |       |    25 |    84 ||   109
Throw: Javelin           |       |       |     2 |       ||     2
       Dart              |       |       |     1 |       ||     1
 Cast: Freeze            |    53 |    28 |   133 |     1 ||   215
       Ozocubu's Armour  |       |     6 |    49 |    30 ||    85
       Wereblood         |       |       |     1 |     5 ||     6
Evoke: Wand              |       |       |     1 |       ||     1
  Use: Scroll            |       |       |    16 |     2 ||    18
       Potion            |       |       |     7 |     1 ||     8
 Stab: Sleeping          |     1 |       |     4 |       ||     5
       Distracted        |       |     1 |       |       ||     1
       Petrified         |       |       |       |     2 ||     2
Armor: Robe              |    12 |    14 |       |       ||    26
       Leather armour    |       |    54 |   228 |   186 ||   468
Dodge: Dodged            |    17 |    55 |   260 |   201 ||   533
Block: Other             |       |     8 |   104 |    77 ||   189
       Reflection        |       |     2 |       |     2 ||     4

Table legend: (Time is in decaauts)
 A = Elapsed time spent in this place.
 B = Non-inter-level travel time spent in this place.
 C = Inter-level travel time spent in this place.
 D = Time resting spent in this place.
 E = Time spent auto-exploring this place.
 F = Levels seen in this place.
 G = Mean time per level.
                   A        B        C        D        E       F      G
               +--------+--------+--------+--------+--------+-----+--------+
         Total |  13709 |  12048 |   1661 |   2660 |   6268 |  13 | 1054.5 |
       Dungeon |  12094 |  10479 |   1615 |   2305 |   5623 |   9 | 1343.8 |
        Temple |     96 |     88 |      8 |     29 |      0 |   1 |   96.0 |
          Lair |   1518 |   1480 |     38 |    326 |    645 |   3 |  506.0 |
               +--------+--------+--------+--------+--------+-----+--------+

Top non-repeatable levels by time:
     D:6: 2269 daAuts
     D:5: 1385 daAuts
     D:7: 1378 daAuts
     D:8: 1377 daAuts
     D:3: 1351 daAuts
     D:2: 1350 daAuts
  Lair:1: 1298 daAuts
     D:9: 1136 daAuts
     D:1: 1125 daAuts
     D:4: 719 daAuts
  Lair:2: 147 daAuts
  Temple: 96 daAuts
  Lair:3: 72 daAuts
